 Dungeon Crawl Stone Soup version 0.22.1-1-ga44c0e5 (webtiles) character file.

4987 Fang the Cleaver (level 10, -5/96 HPs)
             Began as a Gargoyle Berserker on Oct 9, 2018.
             Was a High Priest of Trog.
             Slain by an elephant (7 damage)
             ... on level 9 of the Dungeon.
             The game lasted 00:10:16 (8362 turns).

Fang the Cleaver (Gargoyle Berserker)               Turns: 8362, Time: 00:10:17

Health: -5/96      AC: 11    Str: 28    XL:     10   Next: 54%
Magic:  10/10      EV: 14    Int:  9    God:    Trog [*****.]
Gold:   407        SH:  0    Dex:  9    Spells: 9/9 levels left

rFire    + . .     SeeInvis .   n - +2 war axe
rCold    x . .     Gourm    .   (no shield)
rNeg     + + .     Faith    .   d - +0 leather armour "Enuash" {Slay+3} (curse)
rPois    ∞         Spirit   .   (no helmet)
rElec    +         Reflect  .   f - +0 cloak
rCorr    .         Harm     .   (no gloves)
MR       .....                  (no boots)
Stlth    ..........             (no amulet)
HPRegen  0.26/turn              q - ring of positive energy
MPRegen  0.12/turn              p - ring of fire

@: berserking (expiring), very quick
A: negative energy resistance 1, electricity resistance, unbreathing,
petrification resistance, rot immunity, AC +7
a: Berserk, Trog's Hand, Brothers in Arms, Renounce Religion


You were on level 9 of the Dungeon.
You worshipped Trog.
Trog was extremely pleased with you.
You were not hungry.

You visited 2 branches of the dungeon, and saw 10 of its levels.

You collected 407 gold pieces.

Inventory:

Hand Weapons
 n - a +2 war axe (weapon)
Armour
 d - the cursed +0 leather armour "Enuash" (worn) {Slay+3}
   (You found it on level 9 of the Dungeon)

   It affects your accuracy and damage with ranged weapons and melee attacks
   (+3).
   It has a curse placed upon it.
 f - a +0 cloak (worn)
Jewellery
 b - a +3 ring of evasion {unknown}
 p - a ring of fire (right hand)
 q - a ring of positive energy (left hand)
Wands
 r - a wand of digging (7)
 t - a wand of random effects (26)
Scrolls
 e - a scroll of fog
 h - 2 scrolls of teleportation
 o - 2 scrolls of remove curse
 s - a scroll of fear
Potions
 a - 2 potions of agility
 g - 3 potions of curing
 j - a potion of invisibility
 k - 3 potions of ambrosia
 l - 3 potions of might
 m - a potion of haste
Comestibles
 c - 16 rations


   Skills:
 + Level 8.0 Fighting
 + Level 10.8 Axes
 + Level 2.4 Armour
 + Level 5.3 Dodging
 + Level 4.7 Stealth


You had 9 spell levels left.
You didn't know any spells.
Your spell library was empty.

Dungeon Overview and Level Annotations

Branches:
Dungeon (9/15)             Temple (1/1) D:6            Lair (0/6) D:9
    Orc: D:9-12

Altars:
Dithmenos
Elyvilon
Hepliaklqana
Kikubaaqudgha
Okawaru
Qazlal
Ru
Sif Muna
Uskayaw
Yredelemnul
The Shining One

Shops:
D:4 *   D:5 [


Innate Abilities, Weirdness & Mutations

You are resistant to torment.
Your stone body is resilient. (AC +7)
You are immune to poison.
You resist negative energy. (rN+)
You are resistant to electric shocks. (rElec)
You can survive without breathing.
You are immune to petrification.
You are immune to rotting.


Message History

You stumble backwards!
Unknown command.
You slice the elephant!!
The elephant is moderately wounded.
Unknown command.
You hit the elephant but do no damage.
The elephant is moderately wounded.
The elephant tramples you but does no damage.
The elephant misses you.
Unknown command.
You hit the elephant.
The elephant is moderately wounded.
The elephant misses you. The elephant closely misses you.
Unknown command.
You slash the elephant!
The elephant is severely wounded.
You hit the elephant.
The elephant is severely wounded.
The elephant tramples you!
You die...

.P.....
#########...#
....... ##.##
....>.. #.#
P...... # #.#
....... .# #.#
....... #.# #.#
#....Y## #..###
#.# #Y###.# ..#
#.# #.@..# ...
#.#
.......#.###.####
#.#
########........#
#.#
..........####.
#.# #########.#
#.# #.# ##.#
#.#### #..#
#....# #.## #.#
####.# #.#


You could see an elephant and an ice beast.

Vanquished Creatures
  A two-headed ogre (D:9)
  A death yak (D:9)
  Joseph (D:7)
  A troll (D:9)
  Sigmund (D:3)
  A steam dragon (D:9)
  Eustachio (D:4)
  A hungry ghost (D:7)
  An orc warrior (D:8)
  A water moccasin (D:8)
  A black bear (D:7)
  An eye of draining (D:6)
  A sky beast (D:5)
  A phantom (D:4)
  3 ogres
  3 centaurs
  A crocodile (D:9)
  2 bullfrogs
  2 scorpions
  A wyvern skeleton (D:6)
  A howler monkey (D:5)
  3 bullfrog zombies
  6 crimson imps
  A centaur skeleton (D:7)
  A jelly (D:7)
  2 orc priests
  4 hounds
  A bullfrog skeleton (D:9)
  3 orc wizards
  2 iguanas
  9 worker ants
  2 killer bee zombies
  A hound skeleton (D:8)
  7 adders
  A howler monkey skeleton (D:9)
  A shadow imp (D:5)
  3 adder zombies
  5 worms
  2 dart slugs (D:1)
  3 leopard geckos
  23 orcs
  5 giant cockroaches
  4 hobgoblins
  13 jackals
  3 kobolds (D:1)
  5 quokkas
  A ball python (D:6)
  A ball python zombie (D:6)
  13 bats
  4 frilled lizards
  12 goblins
  2 jackal skeletons (D:4)
  A jackal zombie (D:5)
  2 leopard gecko skeletons
  2 quokka zombies
  6 rats
181 creatures vanquished.

Vanquished Creatures (others)
  A fungus (D:9)
1 creature vanquished.

Grand Total: 182 creatures vanquished

Notes
Turn   | Place    | Note
-------+----------+-------------------------------------------
     0 | D:1      | Fang the Gargoyle Berserker began the quest for the Orb.
     0 | D:1      | Reached XP level 1. HP: 14/14 MP: 1/1
     3 | D:1      | Noticed an electric eel
     3 | D:1      | Noticed an electric eel
   133 | D:1      | Reached XP level 2. HP: 19/19 MP: 2/2
   228 | D:1      | Reached skill level 3 in Axes
   559 | D:1      | Reached XP level 3. HP: 23/24 MP: 3/3
   561 | D:1      | Reached ** piety under Trog
   967 | D:2      | Reached XP level 4. HP: 7/29 MP: 4/4
  1996 | D:3      | Reached skill level 4 in Axes
  2345 | D:3      | Reached XP level 5. HP: 32/33 MP: 5/5
  2429 | D:3      | Reached skill level 1 in Stealth
  2486 | D:3      | Found a deep blue altar of Sif Muna.
  2525 | D:3      | Noticed Sigmund
  2537 | D:3      | Killed Sigmund
  2537 | D:3      | Reached skill level 5 in Axes
  2537 | D:3      | Reached XP level 6. HP: 38/38 MP: 6/6
  2989 | D:4      | Found a white marble altar of Elyvilon.
  3008 | D:4      | Reached *** piety under Trog
  3038 | D:4      | Noticed a phantom
  3071 | D:4      | Killed a phantom
  3122 | D:4      | Noticed Eustachio
  3140 | D:4      | HP: 1/39 [iron imp[Eustachio] (6)]
  3177 | D:4      | Killed Eustachio
  3177 | D:4      | Reached XP level 7. HP: 35/44 MP: 7/7
  3301 | D:4      | Found Jaanuixa's Assorted Antiques.
  3352 | D:4      | Found a stormy altar of Qazlal.
  3605 | D:5      | Entered Level 5 of the Dungeon
  3667 | D:5      | Reached skill level 6 in Axes
  3857 | D:5      | Found Iroetwih's Armour Shoppe.
  3927 | D:5      | Reached skill level 5 in Fighting
  3932 | D:5      | Found a hazy altar of Hepliaklqana.
  4025 | D:5      | Reached XP level 8. HP: 49/49 MP: 8/8
  4567 | D:6      | Reached skill level 7 in Axes
  5006 | D:6      | Reached **** piety under Trog
  5007 | D:6      | Found a staircase to the Ecumenical Temple.
  5022 | Temple   | Entered the Ecumenical Temple
  6028 | D:7      | Noticed Joseph
  6048 | D:7      | Reached skill level 8 in Axes
  6052 | D:7      | Reached XP level 9. HP: 31/55 MP: 9/9
  6057 | D:7      | Killed Joseph
  6342 | D:7      | Reached skill level 9 in Axes
  6560 | D:7      | Found a hide-covered altar of Uskayaw.
  6811 | D:7      | Found an iron altar of Okawaru.
  6814 | D:7      | Found a glowing golden altar of the Shining One.
  6817 | D:7      | Found a shadowy altar of Dithmenos.
  6820 | D:7      | Found a sacrificial altar of Ru.
  7024 | D:8      | Found a basalt altar of Yredelemnul.
  7061 | D:8      | Reached ***** piety under Trog
  7658 | D:9      | Noticed a troll
  7668 | D:9      | Killed a troll
  7668 | D:9      | Reached skill level 10 in Axes
  7668 | D:9      | Reached XP level 10. HP: 25/63 MP: 10/10
  7997 | D:9      | Reached skill level 5 in Dodging
  8022 | D:9      | Got an ancient leather armour
  8033 | D:9      | Identified the cursed +0 leather armour "Enuash" {Slay+3}
                  | (You found it on level 9 of the Dungeon)
  8068 | D:9      | Noticed a two-headed ogre
  8079 | D:9      | Killed a two-headed ogre
  8338 | D:9      | Found a staircase to the Lair.
  8338 | D:9      | Noticed a death yak
  8338 | D:9      | Noticed an elephant
  8354 | D:9      | Killed a death yak
  8357 | D:9      | HP: 2/96 [elephant (8)]
  8362 | D:9      | Slain by an elephant

Skill      XL: |  1  2  3  4  5  6  7  8  9 10 |
---------------+-------------------------------+-----
Axes           | 3 4 5 6 8 10 | 10.8
Dodging        | 2 3 4 5 |  5.3
Fighting       | 4 5 6 7 8 |  8.0
Stealth        | 1 2 3 4 |  4.7
Armour         | |  2.4

Action                   |  1- 3 |  4- 6 |  7- 9 | 10-12 || total
-------------------------+-------+-------+-------+-------++-------
Melee: Hand axe          |   122 |    48 |       |       ||   170
       War axe           |       |   103 |   393 |    60 ||   556
Invok: Berserk           |     1 |     5 |     4 |     2 ||    12
  Use: Potion            |       |     1 |       |       ||     1
       Scroll            |       |       |    16 |       ||    16
 Stab: Sleeping          |       |       |     7 |     1 ||     8
  Eat: Chunk             |       |     8 |    15 |     2 ||    25
       Ration            |       |     1 |     2 |     1 ||     4
Armor: Animal skin       |    60 |    72 |   164 |     4 ||   300
       Leather armour    |       |       |       |    11 ||    11
Dodge: Dodged            |    87 |   132 |   289 |    34 ||   542
